AoeStats
← 27aadesh

Hill Fort

503800828Analyzed
4v4 RM · 1mo ago on Sep 2, 2026· 40m 12s· 8 players
Game mode
Random Map
Map size
Large (8 player)
Population
200
Speed
Normal
Resources
Standard
Victory
Conquest
Starting age
Dark Age
Ending age
Imperial Age
RankedLock teamsTeams togetherTeam positionsShared explorationLock speedFull tech treeHidden civsTurbo modeCheats
Victory
Defeat
🇨🇳 Huns · China
1090
+13
🇨🇦 Shu · Canada
957
+20
🇨🇳 Turks · China
951
+20
938
+20
🇨🇳 Magyars · China
1085
-21
🇻🇳 Franks · Vietnam
1037
-18
🇨🇳 Khmer · China
1019
-18
🇮🇳 Portuguese · India
1000
-50
笙箫楠兮
7:53 Loom
10:07 Feudal Age
17:33 Castle Age
15:38 Horse Collar
15:59 Double-Bit Axe
18:37 Heavy Plow
18:48 Bow Saw
22:46 Wheelbarrow
23:49 Hand Cart
25:43 Light Cavalry
29:50 Gold Mining
29:51 Stone Mining
32:06 Gold Shaft Mining
32:07 Stone Shaft Mining
35:52 Imperial Age
35:48 Tusk Swords
36:25 Elite Ballista Elephant
37:06 Town Watch
38:49 Conscription
38:30 Double Crossbow
39:05 Hoardings
gulu gulu
9:40 Loom
11:34 Feudal Age
13:26 Double-Bit Axe
21:48 Castle Age
23:47 Husbandry
23:57 Scale Barding Armor
24:03 Forging
24:23 Gold Mining
28:38 Iron Casting
28:46 Gold Shaft Mining
31:24 Chain Barding Armor
33:34 Wheelbarrow
37:29 Imperial Age
39:10 Imperial Age
MISAMISA
10:43 Feudal Age
27aadesh
11:37 Feudal Age
12:33 Loom
16:13 Forging
16:04 Scale Mail Armor
16:09 Scale Barding Armor
16:46 Double-Bit Axe
16:44 Horse Collar
21:00 Wheelbarrow
24:51 Castle Age
27:02 Iron Casting
26:42 Chain Mail Armor
26:47 Chain Barding Armor
26:18 Fletching
26:28 Padded Archer Armor
26:28 Pikeman
27:48 Arson
31:11 Hand Cart
36:48 Imperial Age
35:13 Fortified Wall
34:49 Treadmill Crane
35:24 Masonry
37:27 Elite Skirmisher
39:58 Chemistry
457276870
2:19 Loom
9:43 Feudal Age
17:01 Castle Age
15:30 Double-Bit Axe
15:30 Horse Collar
18:03 Bloodlines
17:57 Husbandry
18:49 Bow Saw
26:25 Heavy Plow
31:58 Imperial Age
29:45 Gold Mining
29:46 Stone Mining
31:02 Wheelbarrow
32:23 Gold Shaft Mining
32:03 Forging
32:12 Marauders
32:11 Cavalier
34:07 Scale Barding Armor
35:32 Chain Barding Armor
37:30 Two-Man Saw
37:31 Conscription
37:38 Paladin
38:14 Town Watch
40:49 Iron Casting
40:50 Plate Barding Armor
DR GUS GLITTERGELPEN BILDORDER Ⅷ
11:02 Feudal Age
11:19 Loom
12:02 Double-Bit Axe
12:55 Wheelbarrow
16:35 Fishing Lines
22:20 Castle Age
22:55 Gillnets
23:18 Bow Saw
26:43 Scale Mail Armor
26:53 Forging
27:24 Squires
27:09 Arson
28:21 Chain Mail Armor
29:00 Iron Casting
28:14 Town Watch
29:58 Town Patrol
31:58 Pikeman
36:37 Imperial Age
38:31 Hand Cart
37:46 Capped Ram
37:51 Elite Samurai
38:52 Conscription
39:10 Plate Mail Armor
39:40 Blast Furnace
39:39 Elite Samurai
40:42 Kataparuto
钠呐纳卡姆
12:26 Feudal Age
18:40 Castle Age
19:37 Double-Bit Axe
19:33 Horse Collar
21:08 Bow Saw
21:02 Heavy Plow
29:28 Wheelbarrow
32:45 Imperial Age
30:30 Gold Mining
30:32 Stone Mining
31:23 Padded Archer Armor
32:01 Gold Shaft Mining
32:19 Hand Cart
32:32 Treadmill Crane
33:02 Masonry
33:13 Ballistics
32:42 Town Watch
32:43 Loom
33:58 Conscription
33:02 Elite Janissary
33:48 Artillery
33:35 Elite Janissary
34:59 Leather Archer Armor
36:38 Ring Archer Armor
36:00 Fletching
36:18 Thumb Ring
tboss
0:26 Loom
11:52 Feudal Age
12:44 Double-Bit Axe
13:10 Horse Collar
16:39 Town Watch
21:45 Castle Age
20:13 Gold Mining
20:23 Fletching
22:22 Wheelbarrow
22:24 Bodkin Arrow
22:42 Bow Saw
21:53 Crossbowman
23:47 Heavy Plow
27:15 Ballistics
27:07 Masonry
27:23 Hand Cart
28:24 Murder Holes
32:59 Imperial Age
31:12 Thumb Ring
33:46 Bolt Magazine
33:50 Bracer
35:27 Chemistry
34:46 Arbalester
34:47 Elite Skirmisher
35:51 Padded Archer Armor
36:19 Town Patrol
37:01 Conscription
38:17 Two-Man Saw
37:59 Leather Archer Armor
Connection lost

Rejoining the realm…

Still unreachable

The connection could not be restored.

Session expired

The server has moved on; the page needs a fresh start.